 Dungeon Crawl Stone Soup version 0.16-a0-3280-g3a29b53 (webtiles) character file.

2839 Rakilonn the Protected (level 9, 0/121 HPs)
             Began as a Minotaur Berserker on Dec 23, 2014.
             Was a Priest of Trog.
             Slain by Joseph
             ... wielding a +2 quarterstaff of protection
              (15 damage)
             ... on level 7 of the Dungeon on Dec 24, 2014.
             The game lasted 00:53:00 (8164 turns).

Rakilonn the Protected (Minotaur Berserker)         Turns: 8164, Time: 00:53:00

Health: 0/121      AC: 14    Str: 29    XL:     9   Next: 46%
Magic:  4/4        EV:  7    Int:  4    God:    Trog [***...]
Gold:   380        SH: 16    Dex: 11    Spells: 0 memorised, 8 levels left

rFire  . . .     SeeInvis .     O - +0 long sword
rCold  . . .     Clarity  .     c - +0 plate armour
rNeg   . . .     SustAb   .     N - +0 large shield
rPois  .         Gourm    .     (helmet restricted)
rElec  .         Spirit   .     (no cloak)
rCorr  .         Warding  .     (no gloves)
rMut   .         Rnd*Tele +     (no boots)
MR     .....                    (no amulet)
Stlth  ..........               (no ring)
                                (no ring)

@: berserking, very quick, not resistant to hostile enchantments, extremely
unstealthy
A: retaliatory headbutt, horns 2, repulsion field 1, screaming 1, slow healing
1, teleportitis 1
a: Burn Spellbooks, Berserk, Trog's Hand, Renounce Religion


You were on level 7 of the Dungeon.
You worshipped Trog.
Trog was most pleased with you.
You were hungry.

You visited 1 branch of the dungeon, and saw 7 of its levels.

You collected 380 gold pieces.

Inventory:

Hand weapons
 p - a +0 short sword of flaming
 D - a +0 war axe
 J - a +1 hand axe of chopping
 K - a cursed -2 falchion
 O - a +0 long sword (weapon)
 Q - a +4 flail of holy wrath
Missiles
 z - 3 tomahawks of returning (quivered)
Armour
 c - a +0 plate armour (worn)
 q - a cursed +0 ring mail
 F - a +0 plate armour
 N - a +0 large shield (worn)
 R - a +3 chain mail of cold resistance
Jewellery
 T - an uncursed ring of poison resistance {unknown}
Magical devices
 o - a wand of digging (8)
 I - a wand of magic darts (14)
Scrolls
 f - 4 scrolls of remove curse
 g - a scroll of fog {unknown}
 j - a scroll of recharging {unknown}
 n - a scroll of teleportation {unknown}
 r - 5 scrolls of identify
 t - 2 scrolls of magic mapping {unknown}
 u - a scroll of amnesia {unknown}
 A - a scroll of fear {unknown}
 C - a scroll of noise {unknown}
Potions
 b - a potion of brilliance {unknown}
 e - 2 potions of might {unknown}
 h - 2 potions of lignification {unknown}
 i - 7 potions of curing {unknown}
 l - a potion of poison {unknown}
 s - a potion of beneficial mutation {unknown}
 v - a potion of invisibility {unknown}
 x - a potion of haste {unknown}
 G - a potion of heal wounds {unknown}
 L - a potion of magic {unknown}
 M - a potion of resistance {unknown}
Comestibles
 a - a bread ration
 k - a meat ration
 E - a slice of pizza


   Skills:
 + Level 8.0 Fighting
 + Level 1.9 Long Blades
 + Level 4.6(6.1) Axes
 + Level 6.1(6.9) Maces & Flails
 + Level 9.9 Armour
 + Level 4.1 Dodging
 + Level 1.6 Stealth
 + Level 4.9 Shields


You had 8 spell levels left.
You didn't know any spells.

Dungeon Overview and Level Annotations

Branches:
Dungeon (7/15)             Temple (0/1) D:4

Altars:
Ashenzari
Cheibriados
Fedhas
Gozag
Okawaru
Sif Muna
Vehumet
Xom
The Shining One

Annotations:
D:3 Blork the orc
D:7 Joseph


Innate Abilities, Weirdness & Mutations

You reflexively headbutt those who attack you in melee.
You have a pair of horns on your head.
You are surrounded by a mild repulsion field (EV +2).
You occasionally shout uncontrollably at your foes.
You heal slowly when monsters are visible.
Space occasionally distorts in your vicinity.


Message History

Joseph hits you with an uncursed quarterstaff of protection.
The goliath beetle waves its antennae.
The goliath beetle bites you!
* * * LOW HITPOINT WARNING * * *
You hit Joseph.
Joseph is moderately wounded.
Joseph hits you but does no damage.
Unknown command.
You feel extremely strange.
You feel the urge to shout.
You feel weirdly uncertain.
Your natural healing is weakened.
Joseph smiles happily.
Joseph closely misses you. You furiously retaliate!
You headbutt Joseph! You block the goliath beetle's attack.
Use which ability? (? or * to list)
A red film seems to cover your vision as you go berserk!
You feel yourself moving faster!
You feel mighty!
You are feeling hungry.
Joseph hits you with an uncursed quarterstaff of protection!
You die...

####+## ...(...#
........#
.....<...# . ......
.........#
............$.....#
. ........)....B@.#
# #....####+####@##
###....##...##....#
.#................#
.#................#
.#................#
.'.†...†..........#
.#................#
..#.##.##.####....#
######.##.# ###+##


You could see Joseph and a goliath beetle.

Vanquished Creatures
  Pikel (D:6)
  The ghost of Afay the Quickloader, an experienced KoHu (D:5)
  A troll (D:7)
  A hippogriff (D:7)
  Edmund (D:6)
  5 ogres
  A sky beast (D:4)
  2 slaves (D:6)
  A phantom (D:4)
  2 centaurs
  An orc warrior (D:6)
  A giant frog (D:6)
  A scorpion (D:5)
  A goliath beetle (D:6)
  2 crimson imps (D:5)
  A hound (D:7)
  A centaur zombie (D:5)
  A giant frog skeleton (D:5)
  4 orc wizards (D:7)
  An iguana (D:7)
  5 worker ants
  Jessica (D:2)
  A hound skeleton (D:3)
  7 gnolls
  3 adders
  2 shadow imps
  3 worms
  2 giant mites
  An adder skeleton (D:4)
  2 giant geckos
  21 orcs
  9 bats
  A bat skeleton (D:5)
  4 giant cockroaches
  13 goblins
  6 hobgoblins
  8 jackals
  8 kobolds
  4 quokkas
  4 ball pythons
  A giant gecko skeleton (D:4)
  A giant newt (D:1)
  A jackal skeleton (D:4)
  An orc zombie (D:7)
  12 rats
  11 fungi (D:1)
162 creatures vanquished.

Vanquished Creatures (others)
  A centaur (D:6)
  An ooze (D:6)
2 creatures vanquished.

Grand Total: 164 creatures vanquished

Notes
Turn   | Place    | Note
--------------------------------------------------------------
     0 | D:1      | Rakilonn, the Minotaur Berserker, began the quest for the Orb.
     0 | D:1      | Reached XP level 1. HP: 19/19 MP: 1/1
   401 | D:1      | Reached skill level 4 in Maces & Flails
   438 | D:1      | Reached XP level 2. HP: 27/27 MP: 1/1
   813 | D:1      | Gained mutation: You are surrounded by a mild repulsion field (EV +2). [potion of mutation]
   813 | D:1      | Gained mutation: Potions and wands are less effective at restoring your health. [potion of mutation]
   813 | D:1      | Gained mutation: Your flesh is cold resistant. [potion of mutation]
   814 | D:1      | Lost mutation: Potions and wands are less effective at restoring your health. [potion of cure mutation]
   814 | D:1      | Lost mutation: Your flesh is cold resistant. [potion of cure mutation]
  1165 | D:2      | Reached XP level 3. HP: 20/33 MP: 2/2
  1340 | D:2      | Noticed Jessica
  1351 | D:2      | Killed Jessica
  1912 | D:2      | Found a radiant altar of Vehumet.
  1912 | D:2      | Found a blossoming altar of Fedhas.
  1981 | D:2      | Reached XP level 4. HP: 39/41 MP: 2/2
  2228 | D:3      | Acquired Trog's second power
  2680 | D:3      | Found an opulent altar of Gozag.
  2944 | D:3      | Noticed Blork the orc
  2955 | D:3      | Found a deep blue altar of Sif Muna.
  3328 | D:4      | Upgraded the game from 0.16-a0-3253-g5709529 to 0.16-a0-3280-g3a29b53
  3353 | D:4      | Found a staircase to the Ecumenical Temple.
  3449 | D:4      | Found a shattered altar of Ashenzari.
  3475 | D:4      | Reached XP level 5. HP: 47/47 MP: 2/2
  3531 | D:4      | Found a sand-covered staircase.
  3642 | D:4      | Reached skill level 5 in Maces & Flails
  3817 | D:4      | Noticed a phantom
  3852 | D:4      | Killed a phantom
  3852 | D:4      | Reached skill level 5 in Fighting
  3923 | D:4      | Found an iron altar of Okawaru.
  4043 | D:4      | Found a shimmering altar of Xom.
  4121 | D:4      | Noticed a sky beast
  4134 | D:4      | Reached XP level 6. HP: 28/56 MP: 3/3
  4139 | D:4      | Killed a sky beast
  4139 | D:4      | Reached skill level 5 in Armour
  4661 | D:4      | Reached skill level 1 in Axes
  4901 | D:5      | Entered Level 5 of the Dungeon
  4932 | D:5      | Reached XP level 7. HP: 44/62 MP: 3/3
  4963 | D:5      | Noticed Afay's ghost (experienced KoHu)
  4970 | D:5      | Reached skill level 6 in Armour
  4970 | D:5      | Reached skill level 1 in Stealth
  4971 | D:5      | Killed Afay's ghost
  5171 | D:5      | Reached skill level 7 in Armour
  5267 | D:5      | Reached XP level 8. HP: 68/71 MP: 3/3
  5515 | D:5      | Found a snail-covered altar of Cheibriados.
  5940 | D:6      | Reached skill level 8 in Armour
  6345 | D:6      | Noticed Edmund
  6361 | D:6      | Killed Edmund
  6512 | D:6      | Noticed Pikel
  6534 | D:6      | Killed Pikel
  6534 | D:6      | Reached skill level 1 in Long Blades
  6534 | D:6      | Reached skill level 9 in Armour
  6534 | D:6      | Reached skill level 1 in Shields
  6534 | D:6      | Reached XP level 9. HP: 19/80 MP: 4/4
  7620 | D:7      | Found a glowing golden altar of the Shining One.
  8145 | D:7      | Noticed Joseph
  8163 | D:7      | Gained mutation: You occasionally shout uncontrollably at your foes. [potion of mutation]
  8163 | D:7      | Gained mutation: Space occasionally distorts in your vicinity. [potion of mutation]
  8163 | D:7      | Gained mutation: You heal slowly when monsters are visible. [potion of mutation]
  8164 | D:7      | Slain by Joseph

Action                   |  1- 3 |  4- 6 |  7- 9 || total
-------------------------+-------+-------+-------++-------
Melee: Mace              |   150 |    79 |       ||   229
       War axe           |       |    39 |    37 ||    76
       Long sword        |       |       |   156 ||   156
       Hand axe          |       |       |    43 ||    43
Invok: Berserk           |       |       |     6 ||     6
  Use: Scroll            |     3 |       |       ||     3
       Potion            |     2 |       |     1 ||     3
  Eat: Bread ration      |     1 |     2 |     3 ||     6
       Fruit             |       |       |     2 ||     2
